 Dungeon Crawl Stone Soup version 0.13-a0-1614-gd69a504 (webtiles) character file.

9658 Root the Jinx (level 11, -5/47 HPs)
             Began as a Spriggan Enchanter on June 15, 2013.
             Was an Elder of Kikubaaqudgha.
             Slain by a killer bee (6 damage)
             ... on Level 10 of the Dungeon.
             The game lasted 00:48:05 (14180 turns).

Root the Jinx (Spriggan Enchanter)                 Turns: 14180, Time: 00:48:06

HP  -5/47        AC  4     Str  7      XL: 11   Next: 18%
MP  23/33        EV 21     Int 17      God: Kikubaaqudgha [****..]
Gold 606         SH  0     Dex 17      Spells:  4 memorised, 24 levels left

Res.Fire  : + . .   See Invis. : +   D - +2,+4 sabre
Res.Cold  : + . .   Warding    : .   J - +2 robe {rC+ rF+}
Life Prot.: . . .   Conserve   : +   (shield restricted)
Res.Poison: +       Res.Corr.  : .   (helmet restricted)
Res.Elec. : .       Clarity    : .   (no cloak)
Sust.Abil.: . .     Spirit.Shd : .   (gloves unavailable)
Res.Mut.  : .       Rnd.Telep. : +   (boots unavailable)
Res.Rott. : .       Flight     : .   F - amulet of conservation
Saprovore : . . .                    P - +3 ring of evasion
                                     r - ring of poison resistance

@: exhausted, very slightly contaminated, slowed, quick, quite resistant to
hostile enchantments, extremely stealthy
A: unfitting armour, see invisible, berserk 1, herbivore 3, speed 3, slow
metabolism 2, teleportitis 1
a: Receive Corpses, Renounce Religion


You were on level 10 of the Dungeon.
You worshipped Kikubaaqudgha.
Kikubaaqudgha was extremely pleased with you.
You were full.

You visited 2 branches of the dungeon, and saw 11 of its levels.

You collected 586 gold pieces.

Inventory:

Hand weapons
 q - a +1,+1 dagger of flaming
 D - a +2,+4 sabre (weapon)
 R - a +0 blowgun
Missiles
 d - 33 darts (quivered)
 S - 8 poisoned needles
Armour
 J - a +2 robe of resistance (worn)
Magical devices
 e - a wand of confusion (2)
 K - a wand of magic darts (11)
Comestibles
 g - 8 bread rations
 s - a sultana
 t - 4 honeycombs
 L - a snozzcumber
Scrolls
 j - a scroll of enchant armour {unknown}
 k - 9 scrolls of identify
 m - a scroll of recharging
 p - 4 scrolls of remove curse
Jewellery
 l - an uncursed ring of protection from fire
 r - a ring of poison resistance (left hand)
 v - an uncursed ring of fire
 w - a +1 ring of strength
 y - an uncursed ring of teleportation
 F - an amulet of conservation (around neck)
 I - an uncursed ring of flight
 P - a +3 ring of evasion (right hand)
Potions
 h - a potion of flight
 i - 8 potions of curing
 o - 9 potions of heal wounds
 C - a potion of speed
Books
 b - Kikubaaqudgha's Volume of Stolen Souls
   (Kikubaaqudgha gifted it to you on level 6 of the Dungeon)

   Spells                             Type                      Level
   Animate Skeleton                   Necromancy                   1
   Lethal Infusion                    Charms/Necromancy            2
   Sublimation of Blood               Necromancy                   2
   Vampiric Draining                  Necromancy                   3
   Control Undead                     Necromancy                   4
 c - a book of Maledictions

   Spells                             Type                      Level
   *Corona                            Hexes                        1
   Sure Blade                         Hexes/Charms                 2
   *Ensorcelled Hibernation           Hexes/Ice                    2
   *Confuse                           Hexes                        3
   Enslavement                        Hexes                        4
   *Invisibility                      Hexes                        6
 O - Kikubaaqudgha's Catalogue of Dark Rituals
   (Kikubaaqudgha gifted it to you on level 8 of the Dungeon)

   Spells                             Type                      Level
   Excruciating Wounds                Charms/Necromancy            5
   Dispel Undead                      Necromancy                   5
   Twisted Resurrection               Necromancy                   5
   Bolt of Draining                   Conjuration/Necromancy       6
   Death Channel                      Necromancy                   6


   Skills:
 - Level 8.1 Short Blades
 - Level 1.1 Throwing
 - Level 3.0 Dodging
 - Level 10.0 Stealth
 - Level 13.0 Spellcasting
 + Level 13.4 Hexes


You had 24 spell levels left.
You knew the following spells:

 Your Spells              Type           Power        Failure   Level  Hunger
a - Corona                Hex            ######.      1%          1    None
b - Ensorcelled Hibernat  Hex/Ice        ####..       1%          2    None
c - Confuse               Hex            ######..     1%          3    None
d - Invisibility          Hex            ######..     4%          6    ######.


Dungeon Overview and Level Annotations

Branches:
Dungeon (10/27)            Temple (1/1) D:5             Orc (0/4) D:6
   Lair (0/8) D:10

Altars:
Ashenzari
Cheibriados
Elyvilon
Fedhas
Kikubaaqudgha
Makhleb
Okawaru
Sif Muna
Vehumet
Xom
Yredelemnul
Zin
the Shining One

Shops:
D:5: *

Annotations
D:5 exclusion: door


Innate Abilities, Weirdness & Mutations

You are tiny and cannot use many weapons and most armour.
You have supernaturally acute eyesight.
You are a herbivore.
You cover ground extremely quickly.
You need consume almost no food.
You tend to lose your temper in combat.
Space occasionally distorts in your vicinity.


Message History

* * * LOW HITPOINT WARNING * * *
The killer bee stings you.
* * * LOW HITPOINT WARNING * * *
The killer bee misses you.
Items here: %%%%%%%%%%%%
Casting: Ensorcelled Hibernation
Confirm with . or Enter, or press ? or * to list all spells.
Aiming: Ensorcelled Hibernation
Press: ? - help, Shift-Dir - straight line, f - killer bee
Aim: a killer bee The killer bee looks drowsy...
The helpless killer bee fails to defend itself.
You cut the killer bee into ribbons!!!
You kill the killer bee!
Kikubaaqudgha accepts your kill. The killer bee stings you.
* * * LOW HITPOINT WARNING * * *
The killer bee stings you.
You die...
Kikubaaqudgha rasps: "You have failed me!
Welcome... death!"

#.......ยง.%.......#
#.................#
#############.....#
#.%.....#.....##
#%.%%%..#...#.#
###....%.%###.#.#
#.#......%# #.#.#
#.k.%%..%%###.#.#
#@#..%..%%#...#.##
#.###########.#>..
#.##.......%..#...
#.#####.#####)#.##
#.......# #.#.##
######### #.#...
#.#..#
#########.#..#
#.............


You could see a killer bee.

Vanquished Creatures
  A queen bee (D:10)
  An iron devil (D:9)
  A spriggan skeleton (D:10)
  16 yaks
  A hippogriff (D:8)
  2 manticores (D:10)
  A necrophage (D:10)
  2 ice beasts
  3 ogres
  2 manticore skeletons
  8 orc warriors
  2 sky beasts
  A troll skeleton (D:10)
  3 centaurs
  2 hippogriff skeletons
  A yak skeleton (D:10)
  Sigmund (D:7)
  12 big kobolds
  9 giant frogs
  A centaur skeleton (D:10)
  31 killer bees
  20 wights
  9 crimson imps
  A goliath beetle (D:9)
  5 hounds
  A quasit (D:8)
  5 orc priests
  11 orc wizards
  3 scorpions
  10 worker ants
  2 worker ant zombies
  Ijyb (D:7)
  3 jellies
  A mummy (D:9)
  4 gnolls
  A shadow imp (D:10)
  An iguana zombie (D:7)
  3 worms
  6 adders
  2 giant mites (D:7)
  An inept feature mimic (D:4)
  An inept item mimic (D:10)
  An adder skeleton (D:6)
  A giant eyeball (D:8)
  6 giant geckos
  31 orcs
  2 ball pythons
  6 giant cockroaches
  16 goblins
  11 hobgoblins
  33 kobolds
  17 bats
  2 giant newts
  10 jackals
  A kobold skeleton (D:7)
  5 quokkas
  13 rats
  9 ballistomycetes (D:10)
356 creatures vanquished.

Vanquished Creatures (others)
  2 orc wizards (D:4)
  4 orcs
  A hobgoblin (D:1)
  A giant newt (D:1)
  A giant spore (D:10)
  A quokka (D:6)
  A rat (D:1)
11 creatures vanquished.

Grand Total: 367 creatures vanquished

Notes
Turn   | Place    | Note
--------------------------------------------------------------
     0 | D:1      | Root, the Spriggan Enchanter, began the quest for the Orb.
     0 | D:1      | Reached XP level 1. HP: 9/9 MP: 4/4
   407 | D:1      | Reached XP level 2. HP: 10/13 MP: 7/7
  1596 | D:1      | Reached XP level 3. HP: 16/16 MP: 10/10
  1639 | D:1      | Learned a level 2 spell: Ensorcelled Hibernation
  1643 | D:1      | Learned a level 3 spell: Confuse
  1776 | D:2      | Reached skill level 4 in Spellcasting
  2621 | D:3      | Reached XP level 4. HP: 9/21 MP: 12/14
  2857 | D:3      | Reached skill level 5 in Spellcasting
  3646 | D:3      | Reached XP level 5. HP: 21/24 MP: 13/18
  3657 | D:3      | Reached skill level 6 in Spellcasting
  4185 | D:4      | Found a staircase to the Ecumenical Temple.
  4207 | D:4      | the staircase to the Ecumenical Temple was a mimic.
  4366 | D:5      | Entered Level 5 of the Dungeon
  4370 | D:5      | Reached XP level 6. HP: 28/28 MP: 21/21
  4412 | D:5      | Reached skill level 5 in Stealth
  4560 | D:5      | Noticed a sky beast
  4592 | D:5      | Killed a sky beast
  4632 | D:5      | Noticed a centaur
  4635 | D:5      | Killed a centaur
  4635 | D:5      | Reached XP level 7. HP: 29/32 MP: 23/23
  4737 | D:5      | Found a staircase to the Ecumenical Temple.
  4746 | Temple   | Entered the Ecumenical Temple
  4762 | Temple   | Became a worshipper of Kikubaaqudgha
  4955 | D:5      | Found Shrodgho's General Store.
  5073 | D:5      | Found a deep blue altar of Sif Muna.
  5293 | D:6      | Reached skill level 7 in Stealth
  5571 | D:6      | Reached skill level 5 in Short Blades
  6385 | D:6      | Reached skill level 8 in Stealth
  6746 | D:6      | Reached XP level 8. HP: 20/36 MP: 24/24
  6951 | D:6      | Reached skill level 9 in Stealth
  7030 | D:6      | Found a staircase to the Orcish Mines.
  7043 | D:6      | Acquired Kikubaaqudgha's first power
  7043 | D:6      | Received a gift from Kikubaaqudgha
  7044 | D:6      | Identified Kikubaaqudgha's Volume of Stolen Souls (Kikubaaqudgha gifted it to you on level 6 of the Dungeon)
  7540 | D:6      | Reached skill level 10 in Stealth
  7718 | D:7      | Noticed Sigmund
  7879 | D:7      | Killed Sigmund
  8078 | D:7      | Reached XP level 9. HP: 39/39 MP: 24/27
  8434 | D:7      | Acquired Kikubaaqudgha's second power
  8547 | D:7      | Noticed Ijyb
  8560 | D:7      | Killed Ijyb
  9082 | D:8      | Reached skill level 5 in Hexes
  9696 | D:8      | Received a gift from Kikubaaqudgha
  9697 | D:8      | Identified Kikubaaqudgha's Catalogue of Dark Rituals (Kikubaaqudgha gifted it to you on level 8 of the Dungeon)
 10039 | D:8      | Reached skill level 10 in Spellcasting
 10097 | D:8      | Learned a level 6 spell: Invisibility
 10112 | D:8      | Gained mutation: You tend to lose your temper in combat. [potion of mutation]
 10112 | D:8      | Gained mutation: Space occasionally distorts in your vicinity. [potion of mutation]
 10151 | D:9      | Reached XP level 10. HP: 36/44 MP: 30/30
 10609 | D:9      | Reached skill level 11 in Spellcasting
 10651 | D:9      | Found a radiant altar of Vehumet.
 11012 | D:9      | Reached skill level 10 in Hexes
 11224 | D:9      | Reached skill level 12 in Spellcasting
 11453 | D:9      | Found an iron altar of Okawaru.
 11577 | D:9      | Acquired Kikubaaqudgha's third power
 11662 | D:10     | Entered Level 10 of the Dungeon
 12735 | D:10     | Reached XP level 11. HP: 39/47 MP: 17/33
 12963 | D:10     | Reached skill level 13 in Spellcasting
 13134 | D:10     | Reached XP level 10. HP: 26/44 MP: 27/32
 13273 | D:10     | Found a staircase to the Lair.
 13734 | D:10     | Reached XP level 11. HP: 47/47 MP: 33/33
 14180 | D:10     | HP: 1/47 [killer bee (6)]
 14180 | D:10     | Slain by a killer bee

Action                   |  1- 3 |  4- 6 |  7- 9 | 10-12 || total
-------------------------+-------+-------+-------+-------++-------
Melee: Dagger            |   199 |   137 |   388 |       ||   724
       Sabre             |       |       |   115 |   452 ||   567
Throw: Dart              |     9 |       |       |       ||     9
 Cast: Ensorcelled Hiber |     4 |    20 |    62 |    92 ||   178
       Confuse           |       |     3 |    42 |    65 ||   110
Evoke: Wand              |       |       |     7 |     4 ||    11
  Use: Scroll            |     3 |     1 |    14 |     7 ||    25
       Potion            |       |     1 |     5 |     6 ||    12
 Stab: Distracted        |     1 |       |     2 |     1 ||     4
       Sleeping          |    12 |    16 |    55 |    52 ||   135
       Confused          |       |       |    20 |    16 ||    36
